 Dungeon Crawl Stone Soup version 0.25.1-2-g60ff931df9 (webtiles) character file.

Game seed: 12334312552112046988

84 hawla the Sneak (level 4, -4/29 HPs)
             Began as an Octopode Assassin on Oct 2, 2020.
             Slain by a worm (5 damage)
             ... on level 1 of the Dungeon.
             The game lasted 00:04:01 (1224 turns).

hawla the Sneak (Octopode Assassin)                 Turns: 1224, Time: 00:04:01

Health: -4/29      AC:  1    Str: 11    XL:     4   Next: 45%
Magic:  4/4        EV: 13    Int: 13    God:
Gold:   84         SH:  0    Dex: 13    Spells: 3/3 levels left

rFire    . . .     SeeInvis .   f - +0 war axe
rCold    . . .     Gourm    .   (no shield)
rNeg     . . .     Faith    .   (helmet restricted)
rPois    .         Spirit   .   (no amulet)
rElec    .         Reflect  .   (no ring)
rCorr    .         Harm     .   (no ring)
MR       .....                  (no ring)
Stlth    +++++.....             (no ring)
HPRegen  0.09/turn              (no ring)
MPRegen  0.09/turn              (no ring)
                                (no ring)
                                (no ring)

@: no status effects
A: almost no armour, stealthy swim, amphibious, 8 rings, constrict 8, camouflage
1, gelatinous body 1
a: no special abilities


You were on level 1 of the Dungeon.
You were hungry.

You visited 1 branch of the dungeon, and saw 2 of its levels.

You collected 84 gold pieces.

Inventory:

Hand Weapons
 a - a +2 dagger
 f - a +0 war axe (weapon)
 h - a +2 whip of venom
Missiles
 b - 6 poisoned darts (quivered)
 c - 2 curare-tipped darts
Scrolls
 e - a scroll of fog {unknown}
 g - 2 scrolls of teleportation {unknown}
 j - a scroll of magic mapping {unknown}
 k - 2 scrolls of remove curse {unknown}
 l - a scroll of amnesia {unknown}
 n - a scroll of enchant armour {unknown}
Potions
 i - a potion of flight
 o - a potion of stabbing {unknown}
Comestibles
 d - 2 rations


   Skills:
 + Level 2.1 Fighting
 + Level 2.2 Short Blades
 + Level 0.6 Maces & Flails
 + Level 2.1 Throwing
 + Level 1.2 Dodging
 + Level 7.4 Stealth


You had 3 spell levels left.
You didn't know any spells.
Your spell library was empty.

Dungeon Overview and Level Annotations

Branches:
Dungeon (2/15)

Altars:


Innate Abilities, Weirdness & Mutations

You cannot wear most types of armour.
You are very stealthy in the water. (Stealth+)
You are amphibious.
You can wear up to eight rings at the same time.
You can use your tentacles to constrict eight enemies at once.
Your skin changes colour to match your surroundings (Stealth+).
Your rubbery body absorbs attacks. (AC +1, EV +1)


Message History

The worm is heavily wounded.
You hit the worm but do no damage. The worm closely misses you.
The worm bites you.
The orc hits you from afar with a +0 trident!
* * * LOW HITPOINT WARNING * * *
You climb upwards.
There is a stone staircase leading down here.
You feel much better. The worm bites you! x2
You barely miss the worm. You grab the worm. You squeeze the worm!
You kill the worm!
You hit the worm but do no damage. The worm bites you.
* * * LOW HITPOINT WARNING * * *
You hit the worm. You grab the worm. You squeeze the worm!
The worm is severely wounded.
You constrict the worm. The worm bites you!
* * * LOW HITPOINT WARNING * * *
You hit the worm but do no damage.
The worm is severely wounded.
You constrict the worm. The worm bites you.
You die...

#.....##.....
###.+#..##.....
#............>)
############..♣...........
#..........#..♣.......8...
#..........#..............
#..........#............##
#.......†>[.............#
#........@w#............#
#..........#............#
#..........#............#
#..........######'#######
#..........######..#
#..................#
#...........#.##...#
#..............##.##
#............###..#


You could see a worm.

Vanquished Creatures
  An orc wizard (D:2)
  2 oozes (D:1)
  A worm (D:1)
  4 dart slugs (D:1)
  2 leopard geckos (D:1)
  3 orcs
  A giant cockroach (D:1)
  5 goblins
  A hobgoblin (D:1)
  A ball python (D:1)
  9 bats (D:1)
  A frilled lizard (D:1)
  A kobold (D:1)
  4 rats
36 creatures vanquished.

Notes
Turn   | Place    | Note
-------+----------+-------------------------------------------
     0 | D:1      | hawla the Octopode Assassin began the quest for the Orb.
     0 | D:1      | Reached XP level 1. HP: 14/14 MP: 1/1
    75 | D:1      | Reached XP level 2. HP: 19/19 MP: 2/2
   154 | D:1      | Reached skill level 6 in Stealth
   578 | D:1      | Reached XP level 3. HP: 24/24 MP: 3/3
  1071 | D:2      | Reached skill level 7 in Stealth
  1071 | D:2      | Reached XP level 4. HP: 29/29 MP: 4/4
  1223 | D:1      | HP: 1/29 [worm (7)]
  1224 | D:1      | Slain by a worm

Illustrated notes

Levels and vault maps discovered:
D:1:      erik_arrival_cave_to_civilisation [erik_arrival_cave_to_temple],
          layout_basic, chequers_big_river, minmay_misc_feat_square,
          st_stairs_1, chequers_mini_garden
D:2:      layout_rooms, minmay_rat_gold_closets

Skill      XL: |  1  2  3 |
---------------+----------+-----
Stealth        | 6 7 |  7.4
Fighting       | |  2.1
Short Blades   | |  2.2
Maces & Flails | |  0.6
Throwing       | |  2.1
Dodging        | |  1.2

Action                   |  1- 3 |  4- 6 || total
-------------------------+-------+-------++-------
Melee: Dagger            |    31 |     5 ||    36
       Constrict         |     7 |     8 ||    15
       Tentacles         |     4 |     4 ||     8
       Whip              |    10 |       ||    10
       War axe           |       |    18 ||    18
Throw: Dart              |     6 |       ||     6
  Use: Potion            |       |     3 ||     3
 Stab: Sleeping          |    14 |       ||    14
Armor: Skin              |     4 |     2 ||     6
Dodge: Dodged            |    20 |    23 ||    43
